[ AOE2 MATCH · #495131527 ]
UnrankedDravidians vs Persians
Player's team · WIN
Rival team · LOSS
[ REPLAY ANALYSIS · EXTRACTED FROM THE RECORDED GAME ]
Feudal
9:56
Castle
33:16
Imperial
48:53
| APM avg | 41.0 |
| APM peak | 68 |
| eAPM avg | 23.6 |
| Villagers / military | 155 / 134 |
Focus
⚔️ 35.5% · 🌾 64.5%
Archer ×60 · Spearman ×39 · Urumi Swordsman ×15 · Trebuchet (Packed) ×7 · Monk ×6 · Mangonel ×3
Feudal
25:36
Castle
37:08
Imperial
51:02
| APM avg | 48.9 |
| APM peak | 94 |
| eAPM avg | 26.1 |
| Villagers / military | 108 / 38 |
Focus
⚔️ 32.5% · 🌾 67.5%
Knight ×17 · Mangonel ×6 · Scout Cavalry ×5 · Bombard Cannon ×5 · Spearman ×3 · Monk ×1
Match map
Initial resources + every placement click. Lines = walls · curves = elevation contours. ◆ gold · ⬟ stone · ● berries · ✦ relic · ◌ wall gap
Your base· Open — unwalled flank
[GDL] Faraon's base· Open — unwalled flank
Smoothed initial terrain · ◌ = detected wall gap · hover for details
Inputs per minute
— zz_Highway - - [GDL] Faraon
Build order — zz_Highway
First 150 of 524 actions detected
| 0:01 | Create | Villager (Male) |
| 0:01 | Create | Villager (Male) |
| 0:02 | Build | House |
| 0:04 | Build | House |
| 0:17 | Create | Villager (Male) |
| 0:26 | Create | Villager (Male) |
| 1:28 | Create | Villager (Male) |
| 1:59 | Create | Villager (Male) |
| 2:28 | Create | Villager (Male) |
| 2:35 | Build | House |
| 2:56 | Create | Villager (Male) |
| 3:01 | Build | House |
| 3:10 | Build | Lumber Camp |
| 3:15 | Create | Villager (Male) |
| 3:30 | Create | Villager (Male) |
| 3:58 | Create | Villager (Male) |
| 4:29 | Create | Villager (Male) |
| 5:00 | Create | Villager (Male) |
| 5:14 | Create | Villager (Male) |
| 5:30 | Create | Villager (Male) |
| 5:55 | Build | House |
| 6:05 | Build | Mill |
| 6:18 | Create | Villager (Male) |
| 6:25 | Research | Loom |
| 6:56 | Create | Villager (Male) |
| 7:46 | Research | Feudal Age |
| 7:47 | Research | Feudal Age |
| 9:30 | Build | House |
| 9:32 | Build | Palisade Wall |
| 9:56 | Age | Feudal Age |
| 10:35 | Build | Town Center |
| 10:48 | Research | Double-Bit Axe |
| 10:48 | Research | Double-Bit Axe |
| 11:32 | Build | House |
| 11:40 | Build | House |
| 11:53 | Build | House |
| 12:05 | Create | Villager (Male) |
| 12:32 | Build | House |
| 12:46 | Build | Farm |
| 13:02 | Build | Farm |
| 13:24 | Build | Farm |
| 13:26 | Build | Outpost |
| 13:45 | Create | Villager (Male) |
| 14:07 | Create | Villager (Male) |
| 14:16 | Create | Villager (Male) |
| 14:26 | Build | House |
| 14:42 | Create | Villager (Male) |
| 14:48 | Build | Barracks |
| 15:15 | Create | Villager (Male) |
| 15:46 | Create | Villager (Male) |
| 15:49 | Build | House |
| 16:01 | Build | Archery Range |
| 16:12 | Create | Villager (Male) |
| 16:33 | Build | Farm |
| 16:46 | Build | Farm |
| 16:55 | Create | Archer |
| 16:56 | Create | Archer |
| 17:11 | Create | Villager (Male) |
| 17:12 | Create | Villager (Male) |
| 17:40 | Build | Farm |
| 18:13 | Create | Archer |
| 18:44 | Create | Villager (Male) |
| 18:56 | Create | Archer |
| 18:58 | Create | Villager (Male) |
| 19:03 | Build | Lumber Camp |
| 19:06 | Create | Villager (Male) |
| 19:28 | Build | Farm |
| 19:30 | Create | Archer |
| 19:34 | Create | Villager (Male) |
| 19:39 | Build | Farm |
| 20:07 | Create | Villager (Male) |
| 20:24 | Build | Blacksmith |
| 20:35 | Build | Farm |
| 20:36 | Build | Mill |
| 20:40 | Create | Villager (Male) |
| 20:42 | Create | Archer |
| 21:12 | Build | Farm |
| 21:21 | Build | Farm |
| 21:27 | Research | Fletching |
| 21:30 | Create | Archer |
| 21:33 | Build | Farm |
| 21:48 | Build | Farm |
| 21:54 | Build | House |
| 21:57 | Create | Villager (Male) |
| 21:58 | Create | Archer |
| 22:08 | Create | Archer |
| 22:20 | Create | Archer |
| 22:23 | Create | Villager (Male) |
| 22:30 | Create | Villager (Male) |
| 22:40 | Create | Archer |
| 22:41 | Build | Farm |
| 23:25 | Create | Archer |
| 23:32 | Research | Wheelbarrow |
| 23:32 | Research | Wheelbarrow |
| 23:43 | Build | Lumber Camp |
| 23:51 | Create | Villager (Male) |
| 23:54 | Create | Archer |
| 24:01 | Create | Villager (Male) |
| 24:23 | Build | House |
| 24:24 | Build | House |
| 24:51 | Create | Villager (Male) |
| 25:05 | Create | Villager (Male) |
| 25:11 | Create | Villager (Male) |
| 25:20 | Create | Villager (Male) |
| 25:29 | Build | Mining Camp |
| 25:32 | Create | Villager (Male) |
| 25:46 | Create | Skirmisher |
| 25:53 | Build | Market |
| 26:04 | Create | Villager (Male) |
| 26:45 | Build | Lumber Camp |
| 27:06 | Build | Town Center |
| 27:21 | Build | Farm |
| 27:24 | Build | Farm |
| 27:38 | Build | Farm |
| 27:38 | Build | Farm |
| 27:59 | Build | Lumber Camp |
| 28:05 | Build | Farm |
| 28:06 | Create | Villager (Male) |
| 28:06 | Create | Villager (Male) |
| 28:16 | Build | Mill |
| 28:30 | Create | Villager (Male) |
| 28:34 | Build | Farm |
| 28:36 | Build | Farm |
| 28:36 | Build | Farm |
| 28:38 | Build | Farm |
| 29:02 | Create | Villager (Male) |
| 29:05 | Build | Farm |
| 29:07 | Create | Archer |
| 29:11 | Create | Villager (Male) |
| 29:14 | Build | Barracks |
| 29:21 | Build | House |
| 29:22 | Build | House |
| 29:31 | Create | Archer |
| 29:34 | Create | Villager (Male) |
| 29:37 | Build | Farm |
| 29:38 | Build | Farm |
| 30:30 | Research | Castle Age |
| 30:35 | Create | Archer |
| 30:38 | Build | Farm |
| 30:39 | Build | Farm |
| 30:51 | Create | Archer |
| 30:57 | Research | Horse Collar |
| 30:57 | Research | Horse Collar |
| 31:02 | Create | Spearman |
| 31:03 | Create | Spearman |
| 31:24 | Build | Mining Camp |
| 31:26 | Create | Spearman |
| 31:49 | Build | Farm |
| 31:54 | Build | Farm |
| 32:00 | Build | Farm |
Build order — [GDL] Faraon
First 150 of 274 actions detected
| 0:00 | Create | Villager (Male) |
| 0:01 | Create | Villager (Male) |
| 0:01 | Create | Villager (Male) |
| 0:01 | Create | Villager (Male) |
| 0:02 | Create | Villager (Male) |
| 0:03 | Build | House |
| 0:05 | Build | House |
| 1:30 | Build | House |
| 1:34 | Create | Villager (Male) |
| 2:24 | Create | Villager (Male) |
| 2:24 | Create | Villager (Male) |
| 2:29 | Build | Lumber Camp |
| 2:31 | Create | Villager (Male) |
| 2:38 | Build | House |
| 2:39 | Build | House |
| 3:13 | Create | Villager (Male) |
| 3:13 | Create | Villager (Male) |
| 3:34 | Create | Villager (Male) |
| 3:58 | Create | Villager (Male) |
| 3:58 | Create | Villager (Male) |
| 4:37 | Create | Villager (Male) |
| 4:38 | Create | Villager (Male) |
| 5:19 | Create | Villager (Male) |
| 5:29 | Research | Loom |
| 5:54 | Build | Mill |
| 6:23 | Build | Town Center |
| 7:40 | Create | Villager (Male) |
| 7:40 | Create | Villager (Male) |
| 8:26 | Create | Villager (Male) |
| 9:23 | Create | Villager (Male) |
| 9:24 | Create | Villager (Male) |
| 10:16 | Create | Villager (Male) |
| 10:16 | Create | Villager (Male) |
| 10:54 | Create | Villager (Male) |
| 11:04 | Build | House |
| 12:13 | Create | Villager (Male) |
| 12:13 | Create | Villager (Male) |
| 12:13 | Create | Villager (Male) |
| 12:29 | Create | Villager (Male) |
| 13:06 | Create | Villager (Male) |
| 13:06 | Create | Villager (Male) |
| 13:26 | Create | Villager (Male) |
| 13:55 | Create | Villager (Male) |
| 14:41 | Create | Villager (Male) |
| 15:58 | Create | Villager (Male) |
| 16:15 | Create | Villager (Male) |
| 16:16 | Create | Villager (Male) |
| 17:28 | Create | Villager (Male) |
| 17:29 | Create | Villager (Male) |
| 18:10 | Build | Town Center |
| 18:31 | Build | Mill |
| 18:48 | Create | Villager (Male) |
| 18:49 | Create | Villager (Male) |
| 18:49 | Create | Villager (Male) |
| 18:50 | Create | Villager (Male) |
| 18:50 | Create | Villager (Male) |
| 19:01 | Build | House |
| 19:08 | Create | Villager (Male) |
| 19:08 | Create | Villager (Male) |
| 19:44 | Create | Villager (Male) |
| 20:17 | Build | Mining Camp |
| 20:36 | Create | Villager (Male) |
| 20:36 | Create | Villager (Male) |
| 21:00 | Build | House |
| 21:19 | Create | Villager (Male) |
| 21:34 | Create | Villager (Male) |
| 21:47 | Create | Villager (Male) |
| 22:26 | Build | Town Center |
| 23:18 | Build | Farm |
| 23:19 | Build | Farm |
| 23:32 | Build | Farm |
| 23:33 | Research | Feudal Age |
| 23:33 | Research | Feudal Age |
| 23:53 | Build | Farm |
| 25:03 | Create | Villager (Male) |
| 25:03 | Create | Villager (Male) |
| 25:36 | Age | Feudal Age |
| 25:43 | Build | Watch Tower |
| 25:57 | Build | Farm |
| 26:00 | Create | Villager (Male) |
| 26:17 | Build | Watch Tower |
| 26:26 | Build | Farm |
| 26:37 | Build | Barracks |
| 26:47 | Create | Villager (Male) |
| 26:47 | Create | Villager (Male) |
| 26:47 | Create | Villager (Male) |
| 27:02 | Build | Gate |
| 27:38 | Build | Stable |
| 27:59 | Build | Mill |
| 28:04 | Create | Villager (Male) |
| 28:04 | Create | Villager (Male) |
| 28:08 | Build | House |
| 28:20 | Build | Mining Camp |
| 28:23 | Create | Scout Cavalry |
| 28:50 | Create | Villager (Male) |
| 28:52 | Create | Scout Cavalry |
| 29:12 | Build | Blacksmith |
| 29:36 | Create | Villager (Male) |
| 29:36 | Create | Villager (Male) |
| 29:44 | Build | Farm |
| 29:50 | Build | House |
| 30:04 | Create | Scout Cavalry |
| 30:07 | Research | Scale Barding Armor |
| 30:10 | Create | Villager (Male) |
| 30:10 | Create | Villager (Male) |
| 30:13 | Build | Farm |
| 30:18 | Build | House |
| 30:19 | Build | House |
| 30:21 | Build | Palisade Wall |
| 30:28 | Create | Scout Cavalry |
| 30:43 | Build | Farm |
| 30:50 | Build | Watch Tower |
| 31:02 | Research | Fletching |
| 31:12 | Create | Villager (Male) |
| 31:29 | Create | Villager (Male) |
| 32:01 | Build | Watch Tower |
| 32:08 | Create | Scout Cavalry |
| 32:12 | Build | Farm |
| 32:13 | Build | Farm |
| 32:13 | Build | Farm |
| 32:13 | Build | Farm |
| 32:13 | Build | Farm |
| 32:14 | Build | Farm |
| 32:14 | Build | Farm |
| 32:41 | Build | Farm |
| 32:42 | Build | Farm |
| 32:53 | Create | Villager (Male) |
| 32:53 | Create | Villager (Male) |
| 32:56 | Build | Farm |
| 33:18 | Build | Mining Camp |
| 34:01 | Build | Market |
| 34:08 | Build | Farm |
| 34:10 | Create | Villager (Male) |
| 34:42 | Research | Castle Age |
| 34:42 | Research | Castle Age |
| 35:10 | Build | Lumber Camp |
| 35:25 | Research | Bloodlines |
| 35:25 | Research | Bloodlines |
| 36:38 | Create | Spearman |
| 36:38 | Create | Spearman |
| 36:38 | Create | Spearman |
| 37:08 | Age | Castle Age |
| 37:18 | Build | Siege Workshop |
| 37:33 | Build | Castle |
| 37:44 | Create | Mangonel |
| 37:45 | Create | Mangonel |
| 38:16 | Build | Town Center |
| 38:46 | Create | Villager (Male) |
| 38:46 | Create | Villager (Male) |
| 38:58 | Build | Farm |
Match timeline
| 9:32 | zz_Highway · wall_segment Palisade Wall x1 |
| 9:56 | zz_Highway · age_up feudal |
| 14:48 | zz_Highway · first_building Barracks |
| 16:01 | zz_Highway · first_building Archery Range |
| 25:36 | [GDL] Faraon · age_up feudal |
| 26:37 | [GDL] Faraon · first_building Barracks |
| 27:38 | [GDL] Faraon · first_building Stable |
| 30:21 | [GDL] Faraon · wall_segment Palisade Wall x4 |
| 30:27 | zz_Highway · first_market_sell 100 wood |
| 33:16 | zz_Highway · age_up castle |
| 33:22 | zz_Highway · first_building Siege Workshop |
| 34:33 | [GDL] Faraon · first_market_buy 100 food |
| 34:37 | [GDL] Faraon · first_market_sell 100 wood |
| 37:08 | [GDL] Faraon · age_up castle |
| 37:18 | [GDL] Faraon · first_building Siege Workshop |
| 37:33 | [GDL] Faraon · first_building Castle |
| 37:52 | zz_Highway · first_building Monastery |
| 44:56 | zz_Highway · first_market_buy 100 stone |
| 45:04 | zz_Highway · first_building Castle |
| 47:07 | [GDL] Faraon · first_building Monastery |
| 48:53 | zz_Highway · age_up imperial |
| 51:02 | [GDL] Faraon · age_up imperial |
| 53:03 | zz_Highway · first_building Stable |
| 58:40 | [GDL] Faraon · resign |
[ AI ANALYSIS · 1 CREDIT ]
What really happened in this match?
Wolo.gg analyzes every decision: build order, eco, micro, common mistakes by bracket. Personalized analysis on WhatsApp or Discord in 30 seconds.
Civ guide
Dravidians
Perfil
zz_Highway